 Dungeon Crawl Stone Soup version 0.29-a0-284-gf9362112df (webtiles) character file.

Game seed: 3856499834344324408

110 Zonian the Chiller (level 4, 0/30 HPs)
             Began as a Demonspawn Ice Elementalist on Mar 30, 2022.
             Was a Follower of Okawaru.
             Slain by a hound (3 damage)
             ... on level 3 of the Dungeon.
             The game lasted 00:07:20 (4164 turns).

Zonian the Chiller (Demonspawn Ice Elementalist)    Turns: 4164, Time: 00:07:21

Health: 0/30       AC:  3    Str:  8    XL:     4   Next: 61%
Magic:  8/8        EV: 13    Int: 28    God:    Okawaru [*.....]
Gold:   35         SH:  0    Dex: 16    Spells: 4/8 levels left

rFire   . . .      SeeInvis .   q - +2 dagger (venom)
rCold   . . .      Faith    .   (no shield)
rNeg    . . .      Spirit   .   a - +0 robe
rPois   .          Reflect  .   (no helmet)
rElec   .          Harm     .   r - +0 cloak
rCorr   .          Rampage  .   (no gloves)
Will    .....                   (no boots)
Stlth   +.........              (no amulet)
HPRegen 0.10/turn               j - +6 ring of intelligence
MPRegen 0.11/turn               m - +6 ring of intelligence

@: silenced, hasted, very quick
A: demonic touch 1
a: Renounce Religion


You were on level 3 of the Dungeon.
You worshipped Okawaru.
Okawaru was aware of your devotion.
You visited 1 branch of the dungeon, and saw 3 of its levels.

You collected 107 gold pieces.
You spent 72 gold pieces at shops.

Inventory:

Hand Weapons
 f - a +0 short sword
 n - a +1 vorpal flail
 p - a +0 rapier
 q - a +2 dagger of venom (weapon)
 t - a +2 mace of protection
Armour
 a - a +0 robe (worn)
 r - a +0 cloak (worn)
Jewellery
 j - a +6 ring of intelligence (left hand)
 m - a +6 ring of intelligence (right hand)
 u - an amulet of reflection
Wands
 s - a wand of charming (7)
Scrolls
 b - a scroll of identify
 c - a scroll of enchant weapon
 g - a scroll of summoning {unknown}
 h - a scroll of teleportation {unknown}
 o - a scroll of silence
Potions
 d - a potion of brilliance
 e - a potion of resistance {unknown}
 i - a potion of might
 l - a potion of lignification {unknown}


   Skills:
 + Level 2.6 Dodging
 + Level 2.8 Stealth
 + Level 2.8 Spellcasting
 + Level 4.2 Ice Magic


You had 4 spell levels left.
You knew the following spells:

 Your Spells              Type           Power      Damage    Failure   Level
a - Freeze                Ice            100%       1d11      1%          1
b - Frozen Ramparts       Ice            54%        1d7       4%          3

Your spell library contained the following spells:

 Spells                   Type           Power      Damage    Failure   Level
 Ozocubu's Armour         Ice            27%        N/A       4%          3
 Beastly Appendage        Tmut           8%         N/A       9%          1
 Wereblood                Tmut           4%         N/A       13%         2
 Spider Form              Tmut/Pois      4%         N/A       26%         3
 Hailstorm                Conj/Ice       15%        3d5       34%         4
 Passage of Golubria      Tloc           4%         N/A       63%         4
 Yara's Violent Unravell  Hex/Tmut       2%         3d3       93%         5
 Tukima's Dance           Hex            Unusable   N/A       N/A         3

Dungeon Overview and Level Annotations

Branches:
Dungeon (3/15)

Altars:
Okawaru

Shops:
D:2 *

Annotations:
D:2 Natasha
D:3 Grinder, Sigmund


Innate Abilities, Weirdness & Mutations

Your touch may inflict minor irresistible damage on your foes.


Message History

A hound comes into view.
Sigmund shouts!
As you read the scroll labelled XIFETU OCYIPLONO, it crumbles to dust.
A profound silence engulfs you.
It was a scroll of silence.
You hit the hobgoblin.
The hobgoblin is poisoned.
The hobgoblin is heavily wounded.
You kill the hobgoblin!
Okawaru accepts your kill. Sigmund misses you. The hound bites you.
Sigmund hits you with a +4 scythe of flaming!
Sigmund burns you.
Unknown command.
You hit Sigmund.
Sigmund is poisoned.
Sigmund is lightly wounded.
The hound barely misses you.
You hit Sigmund.
Sigmund is moderately wounded.
The hound barely misses you.
Sigmund hits you with a +4 scythe of flaming!
* * * LOW HITPOINT WARNING * * *
Sigmund burns you.
* * * LOW HITPOINT WARNING * * *
The hound closely misses you.
You feel yourself speed up. The hound bites you.
* * * LOW HITPOINT WARNING * * *
Sigmund hits you but does no damage.
Unknown command.
You hit Sigmund.
You touch Sigmund.
Sigmund is heavily wounded.
The hound bites you.
* * * LOW HITPOINT WARNING * * *
You hit Sigmund.
Sigmund looks as sick as possible!
Sigmund is heavily wounded.
The hound bites you but does no damage.
Unknown command.
You hit Sigmund.
Sigmund looks as sick as possible!
Your touch misses Sigmund.
Sigmund is severely wounded.
The hound bites you.
You die...

########################
#.....h@>...............
##.#####@##########....#
..... #....# #.#...##
#....# # ..... #....#
.#...##. #....+
###...##. #....#
....##.# ####.#
#$.###.#+###### .#


You could see Sigmund (extremely poisoned) and a hound.

Vanquished Creatures
  An iguana (D:3)
  Natasha (D:2)
  A worm (D:2)
  A dart slug (D:1)
  7 ball pythons
  2 endoplasms
  7 giant cockroaches
  6 goblins
  7 hobgoblins
  2 bats (D:2)
  3 frilled lizards (D:1)
  6 kobolds
  7 rats
51 creatures vanquished.

Notes
Turn   | Place    | Note
-------+----------+-------------------------------------------
     0 | D:1      | Zonian the Demonspawn Ice Elementalist began the quest for
                  | the Orb.
     0 | D:1      | Reached XP level 1. HP: 13/13 MP: 3/3
   747 | D:1      | Gained mutation: Your touch may inflict minor irresistible
                  | damage on your foes. [demonic ancestry]
   747 | D:1      | Reached XP level 2. HP: 15/19 MP: 1/5
  1317 | D:1      | Reached XP level 3. HP: 19/24 MP: 0/6
  1980 | D:2      | Learned a level 3 spell: Frozen Ramparts
  1990 | D:2      | Found a faded altar of an unknown god.
  2010 | D:2      | Prayed at the altar of an unknown god.
  2010 | D:2      | Became a worshipper of Warmaster Okawaru
  2010 | D:2      | Reached * piety under Okawaru
  2017 | D:2      | Noticed Natasha
  2027 | D:2      | Killed Natasha
  2028 | D:2      | Reached skill level 4 in Ice Magic
  2949 | D:2      | Reached XP level 4. HP: 22/30 MP: 4/8
  3162 | D:2      | Found Lonycs's Assorted Antiques.
  3176 | D:2      | Bought a glass wand for 72 gold pieces
  3541 | D:3      | Noticed Grinder
  3543 | D:3      | Paralysed by Grinder for 3 turns
  3706 | D:2      | Noticed Natasha
  3906 | D:3      | Noticed Sigmund
  4164 | D:3      | Slain by a hound

Illustrated notes

Levels and vault maps discovered:
D:1:      amcnicky_arrival_abandoned_market, layout_basic, minmay_unequal
D:2:      minmay_inner_zag, layout_loops_ring, chequers_ecumenical_altar_simple,
          serial_shops, nicolae_square_shop, kennysheep_generic_room_3,
          uniq_natasha
D:3:      layout_basic, hangedman_decor_clover_reticule, minivault_23,
          uniq_sigmund, uniq_robin, uniq_grinder

Skill      XL: |  1  2  3 |
---------------+----------+-----
Stealth        | 2 |  2.8
Dodging        | 2 |  2.6
Ice Magic      | 4 |  4.2
Spellcasting   | |  2.8

Action                   |  1- 3 |  4- 6 || total
-------------------------+-------+-------++-------
Melee: Unarmed           |    13 |       ||    13
       Short sword       |    42 |       ||    42
       Touch             |     9 |     1 ||    10
       Dagger            |     7 |    36 ||    43
 Cast: Freeze            |    35 |     3 ||    38
       Frozen Ramparts   |       |     1 ||     1
Invok: Heroism           |     1 |       ||     1
  Use: Potion            |     1 |     2 ||     3
       Scroll            |       |     6 ||     6
 Stab: Sleeping          |     2 |     4 ||     6
Armor: Robe              |    15 |    20 ||    35
Dodge: Dodged            |    46 |    38 ||    84

Table legend: (Time is in decaauts)
 A = Elapsed time spent in this place.
 B = Non-inter-level travel time spent in this place.
 C = Inter-level travel time spent in this place.
 D = Time resting spent in this place.
 E = Time spent auto-exploring this place.
 F = Levels seen in this place.
 G = Mean time per level.
                   A        B        C        D        E       F      G
               +--------+--------+--------+--------+--------+-----+--------+
         Total |   4164 |   4021 |    143 |   1369 |   2011 |   3 | 1388.0 |
       Dungeon |   4164 |   4021 |    143 |   1369 |   2011 |   3 | 1388.0 |
               +--------+--------+--------+--------+--------+-----+--------+

Top non-repeatable levels by time:
     D:1: 1934 daAuts
     D:2: 1775 daAuts
     D:3: 454 daAuts
